 Dungeon Crawl Stone Soup version 0.29-a0-506-ga2e7fffb44 (webtiles) character file.

Game seed: 9544509134939921725

723 sammy202020 the Skirmisher (level 7, -7/57 HPs)
             Began as a Demonspawn Berserker on May 29, 2022.
             Was a Believer of Trog.
             Mangled by an orc warrior
             ... wielding a +0 hand axe
              (12 damage)
             ... on level 8 of the Dungeon.
             The game lasted 00:05:57 (3955 turns).

sammy202020 the Skirmisher (Demonspawn Berserker)   Turns: 3955, Time: 00:05:58

Health: -7/57      AC: 19    Str: 17    XL:     7   Next: 43%
Magic:  7/7        EV:  6    Int: 11    God:    Trog [**....]
Gold:   302        SH:  4    Dex: 12    Spells: 6/6 levels left

rFire   . . .      SeeInvis .   a - +1 hand axe
rCold   . . .      Faith    .   (no shield)
rNeg    . . .      Spirit   .   h - +2 plate armour
rPois   .          Reflect  .   (helmet restricted)
rElec   .          Harm     .   (no cloak)
rCorr   .          Rampage  .   m - +0 pair of gloves
Will    .....                   (no boots)
Stlth   ..........              (no amulet)
HPRegen 0.19/turn               (no ring)
MPRegen 0.10/turn               (no ring)

@: on berserk cooldown, flying (expiring), slowed, very slow
A: horns 1, rugged brown scales 1, icemail 1, condensation shield, demonic magic
1
a: Renounce Religion, Berserk, Trog's Hand


You were on level 8 of the Dungeon.
You worshipped Trog.
Trog was pleased with you.
You visited 1 branch of the dungeon, and saw 6 of its levels.

You collected 302 gold pieces.

Inventory:

Hand Weapons
 a - a +1 hand axe (weapon)
 c - a +0 flail
Missiles
 j - 5 javelins (quivered)
Armour
 h - a +2 plate armour (worn)
 m - a +0 pair of gloves (worn)
Jewellery
 q - a ring of protection from fire
 t - a +6 ring of strength
Wands
 p - a wand of flame (26)
 w - a wand of charming (11)
Scrolls
 n - a scroll of magic mapping
 o - 2 scrolls of teleportation
 r - a scroll of poison
 u - a scroll of brand weapon {unknown}
Potions
 b - a potion of heal wounds {unknown}
 d - a potion of ambrosia
 f - a potion of magic
 g - 2 potions of haste {unknown}
 i - a potion of mutation
 k - a potion of resistance {unknown}
 l - a potion of berserk rage
 s - a potion of lignification {unknown}
 v - a potion of brilliance {unknown}


   Skills:
 * Level 5.6 Fighting
 * Level 5.1 Axes
 + Level 3.4 Armour
 + Level 3.3 Dodging


You had 6 spell levels left.
You didn't know any spells.
Your spell library was empty.

Dungeon Overview and Level Annotations

Branches:
Dungeon (5/15)               Lair (0/6) D:8
 Temple: D:4-7

Altars:


Innate Abilities, Weirdness & Mutations

You have a pair of small horns on your head.
You are partially covered in rugged brown scales. (AC +1, +3% HP)
A meltable icy envelope protects you from harm. (AC +4)
A meltable shield of frost defends you. (SH +4)
Spells you cast may paralyse adjacent enemies.


Message History

* * * LOW HITPOINT WARNING * * *
You bump into the rock wall.
The orc warrior hits you but does no damage.
Your skin stops crawling.
You feel less strong-willed.
The orc priest jeers loudly.
The orc warrior hits you but does no damage.
You see here a +0 shortbow.
You feel less invigorated.
You feel less confused.
You hit the orc warrior but do no damage.
Your headbutt misses the orc warrior. The orc priest barely misses you.
The orc warrior hits you but does no damage.
You closely miss the orc priest. You hit the orc warrior.
You block the orc warrior's attack.
The orc priest hits you but does no damage. x2
The orc warrior hits you but does no damage.
You hit the orc priest. You punch the orc priest.
The orc priest is moderately wounded.
You slash the orc warrior! The orc warrior closely misses you.
The orc priest hits you but does no damage.
You closely miss the orc priest. You punch the orc priest.
The orc priest is moderately wounded.
You hit the orc warrior but do no damage.
The orc warrior hits you with a +0 hand axe!
The orc priest calls down the wrath of Beogh upon you.
Beogh smites you!
* * * LOW HITPOINT WARNING * * *
The orc warrior hits you but does no damage.
The orc priest hits you but does no damage.
It was a potion of berserk rage.
You're still recovering from your berserk rage.
The orc warrior closely misses you.
The orc priest hits you with a +0 short sword.
* * * LOW HITPOINT WARNING * * *
You hit the orc priest. You headbutt the orc priest.
The orc priest is severely wounded.
You hit the orc warrior.
You are starting to lose your buoyancy.
The orc warrior hits you with a +0 hand axe!
You die...

####.......## ..#
#.# ####..#.#...
..##.#
##.##..#.####
..#.# ##.#.#..#.#
...#
#.###.....#### ..#
##.#.#........ ##
#.# ##.##.#######
##...##o#####.##.#
#......@oy....##.#
..#..####o######..
# #)# ###


#oy .o.. ..... ....... ......P. ....>..... You could see an orc warrior, a
killer bee and 2 orc priests.

Vanquished Creatures
  2 wargs (D:8)
  A black bear (D:4)
  A centaur (D:8)
  A bullfrog (D:8)
  A scorpion (D:4)
  A killer bee (D:8)
  A hound (D:4)
  An orc priest (D:3)
  4 adders
  A dart slug (D:1)
  6 orcs
  5 endoplasms
  A giant cockroach (D:1)
  5 goblins
  4 hobgoblins
  2 jackals (D:1)
  2 kobolds
  2 quokkas (D:1)
  7 ball pythons
  5 bats
  4 frilled lizards
  6 rats
63 creatures vanquished.

Notes
Turn   | Place    | Note
-------+----------+-------------------------------------------
     0 | D:1      | sammy202020 the Demonspawn Berserker began the quest for
                  | the Orb.
     0 | D:1      | Reached XP level 1. HP: 18/18 MP: 1/1
   304 | D:1      | Gained mutation: You have a pair of small horns on your
                  | head. [demonic ancestry]
   304 | D:1      | Reached XP level 2. HP: 24/24 MP: 2/2
   417 | D:1      | Reached ** piety under Trog
   773 | D:1      | Gained mutation: Spells you cast may paralyse adjacent
                  | enemies. [demonic ancestry]
   773 | D:1      | Reached XP level 3. HP: 28/29 MP: 3/3
  1641 | D:3      | Gained mutation: A meltable shield of frost defends you.
                  | (SH +4) [demonic ancestry]
  1641 | D:3      | Reached XP level 4. HP: 31/37 MP: 4/4
  1768 | D:3      | Found a faded altar of an unknown god.
  2806 | D:4      | Gained mutation: You are partially covered in rugged brown
                  | scales. (AC +1, +3% HP) [demonic ancestry]
  2806 | D:4      | Reached XP level 5. HP: 31/43 MP: 5/5
  3313 | D:4      | Noticed a black bear
  3327 | D:4      | Killed a black bear
  3328 | D:4      | Gained mutation: A meltable icy envelope protects you from
                  | harm. (AC +4) [demonic ancestry]
  3328 | D:4      | Reached XP level 6. HP: 30/50 MP: 6/6
  3527 | D:4      | Identified the +11 scimitar of Sujoenod {vorpal, rF+}
  3624 | D:5      | Entered Level 5 of the Dungeon
  3628 | D:5      | You fall into a shaft and drop 3 floors!
  3919 | D:8      | Noticed a warg
  3919 | D:8      | Noticed a warg
  3920 | D:8      | Noticed an orc warrior
  3921 | D:8      | Found a staircase to the Lair.
  3930 | D:8      | Reached skill level 5 in Fighting
  3933 | D:8      | Killed a warg
  3934 | D:8      | Reached XP level 7. HP: 25/57 MP: 7/7
  3938 | D:8      | Reached skill level 5 in Axes
  3955 | D:8      | Mangled by an orc warrior

Illustrated notes

Levels and vault maps discovered:
D:1:      lightli_arrival_statuegarden, layout_loops_ring
D:2:      layout_basic, wander_ebering_terrifying_dragon_lair
D:3:      layout_loops_corners, hellmonk_ecumenical_altar_lost_god
D:4:      layout_cave_pools, chequers_hall_statues_corner_a
D:5:      layout_cave_pools
D:8:      layout_loops_ring, mainiacjoe_overflow_large_starburst,
          erik_lair_orcish_takeover, grunt_decor_arrowhead,
          corexii_hall_statues_l

Skill      XL: |  1  2  3  4  5  6  7 |
---------------+----------------------+-----
Armour         | 2 3 |  3.4
Dodging        | 2 3 |  3.3
Axes           | 3 4 5 |  5.1
Fighting       | 4 5 |  5.6

Action                   |  1- 3 |  4- 6 |  7- 9 || total
-------------------------+-------+-------+-------++-------
Melee: Hand axe          |    96 |   100 |    16 ||   212
       Headbutt          |    13 |    13 |     2 ||    28
       Punch             |       |     1 |     2 ||     3
Invok: Berserk           |       |     2 |       ||     2
       Trog's Hand       |       |     1 |       ||     1
  Use: Scroll            |     6 |     9 |       ||    15
       Potion            |       |       |     3 ||     3
Armor: Leather armour    |     5 |       |       ||     5
       Plate armour      |    59 |   106 |    12 ||   177
Dodge: Dodged            |    32 |    22 |     7 ||    61
Block: Other             |       |    23 |     3 ||    26

Table legend: (Time is in decaauts)
 A = Elapsed time spent in this place.
 B = Non-inter-level travel time spent in this place.
 C = Inter-level travel time spent in this place.
 D = Time resting spent in this place.
 E = Time spent auto-exploring this place.
 F = Levels seen in this place.
 G = Mean time per level.
                   A        B        C        D        E       F      G
               +--------+--------+--------+--------+--------+-----+--------+
         Total |   3984 |   3948 |     36 |     37 |   3260 |   6 |  664.0 |
       Dungeon |   3984 |   3948 |     36 |     37 |   3260 |   6 |  664.0 |
               +--------+--------+--------+--------+--------+-----+--------+

Top non-repeatable levels by time:
     D:3: 1109 daAuts
     D:4: 920 daAuts
     D:1: 868 daAuts
     D:2: 754 daAuts
     D:8: 327 daAuts
     D:5: 3 daAuts
